Islander vs Penguins
Created - November 14, 2024 at 22:47
Goals
|
| Islander |
3 |
2 |
2 |
7 |
| Penguins |
1 |
0 |
1 |
2 |
|
Shots
|
| Islander |
10 |
13 |
10 |
33 |
| Penguins |
15 |
8 |
14 |
37 |
|
1st period
1. Islander , Joe Labate 6 (Ben Thomson 7) at 7:38
2. Islander , Pavel Kraskovsky 2 (Ben Thomson 8, Jake Walman 4) at 12:29 (SH)
3. Islander , Ben Thomson 7 (Oliver Kylington 13, Joe Labate 11) at 16:23
4. Penguins , Josh Ho-Sang 2 (Matthew Finn 6, Dakota Mermis 7) at 19:02
Penalties :
Slater Koekkoek (BRI) for Roughing (Minor) at 0:45, Matthew Finn (Wil) for Boarding (Minor) at 7:43, Joe Labate (BRI) for High sticking (Minor) at 11:38
2nd period
5. Islander , Jaden Lindo 2 (Pavel Kraskovsky 3, Ross Colton 2) at 9:40
6. Islander , Pavel Kraskovsky 3 (Ross Colton 3, Filip Zadina 1) at 10:15
Penalties :
Alexander Yelesin (BRI) for Delaying the game (Minor) at 3:12, Matthew Finn (Wil) for Holding (Minor) at 13:27, Denis Malgin (Wil) for High sticking (Minor) at 18:15
3rd period
7. Islander , Pavel Kraskovsky 4 (Filip Zadina 2) at 5:42 (PP)
8. Penguins , Dmitry Voronkov 2 (Josh Ho-Sang 4) at 8:26
9. Islander , Oliver Kylington 5 (Ben Thomson 9, Austin Watson 7) at 10:05 (PP)
Penalties :
Ben Thomson (BRI) for Hooking (Minor) at 0:07, Denis Malgin (Wil) for Tripping (Minor) at 5:07, Matthew Boldy (Wil) for High sticking (Minor) at 5:57, Jesperi Kotkaniemi (Wil) for Tripping (Minor) at 9:14, Jaden Lindo (BRI) for Tripping (Minor) at 18:23
Goalie Stats
Ivan Fedotov (BRI), 35 saves from 37 shots - (0.946), W, 7-3-1, 60:00 minutes
Anthony Stolarz (Wil), 10 saves from 14 shots - (0.714), L, 5-3-0, 29:40 minutes
Zachary Bouthillier (Wil), 16 saves from 19 shots - (0.842), 30:20 minutes
Players Stats for Islander
Player Name G A P +/- PIM S H SB GA TA FO MP PP MP PK MP
------------------------------------------------------------------------------------
Alexander Yelesin 0 0 0 0 2 0 3 1 0 1 0/0 20:02 3:09 3:06
Austin Watson 0 1 1 1 0 3 2 0 1 2 0/1 18:04 5:22 0:00
Ben Thomson 1 3 4 1 2 2 2 0 1 1 1/1 22:29 5:21 4:20
Filip Zadina 0 2 2 1 0 2 2 0 1 1 0/0 17:43 3:47 2:43
Garret Pilon 0 0 0 0 0 0 0 1 0 0 3/4 7:24 0:00 0:00
Jaden Lindo 1 0 1 0 2 2 1 0 0 0 0/0 9:09 0:06 0:00
Jake Walman 0 1 1 0 0 3 0 1 0 0 0/0 20:08 3:09 3:36
Jakub Galvas 0 0 0 0 0 1 1 2 0 0 0/0 12:54 0:00 1:45
Joe Labate 1 1 2 1 2 1 2 1 0 0 19/41 22:05 5:22 3:49
Noah Cates 0 0 0 1 0 1 0 0 0 0 0/1 11:31 0:06 1:37
Oliver Kylington 1 1 2 3 0 4 3 5 1 2 0/0 29:06 6:06 5:49
Pavel Koltygin 0 0 0 0 0 0 0 0 0 0 0/0 7:24 0:00 0:00
Pavel Kraskovsky 3 1 4 2 0 7 1 1 2 0 6/12 18:51 3:47 3:51
Rhett Gardner 0 0 0 0 0 1 3 0 1 0 4/8 12:37 0:06 2:30
Ross Colton 0 2 2 1 0 2 2 0 0 0 0/0 14:56 3:47 0:00
Simon Benoit 0 0 0 0 0 2 0 0 0 0 0/0 10:46 0:00 0:00
Slater Koekkoek 0 0 0 3 2 2 2 1 3 0 0/0 27:50 6:06 4:34
Steven Spinner 0 0 0 0 0 0 0 0 0 0 0/1 7:24 0:00 0:00
Players Stats for Penguins
Player Name G A P +/- PIM S H SB GA TA FO MP PP MP PK MP
------------------------------------------------------------------------------------
Alexander Romanov 0 0 0 -3 0 1 2 0 0 0 0/0 20:55 3:30 3:28
Artemi Kniazev 0 0 0 0 0 1 0 2 0 0 0/0 11:30 0:00 2:13
Clayton Keller 0 0 0 -2 0 3 1 0 0 1 1/1 18:52 4:39 1:53
Dakota Mermis 0 1 1 0 0 0 4 1 1 2 0/0 29:32 5:55 5:47
Denis Malgin 0 0 0 -2 4 2 2 0 1 2 18/37 21:15 4:55 4:02
Dmitry Voronkov 1 0 1 1 0 2 0 0 0 0 1/5 8:26 0:00 0:00
Eetu Luostarinen 0 0 0 -1 0 1 2 1 0 0 8/11 21:31 4:46 5:50
Jeff Malott 0 0 0 -1 0 5 0 1 2 0 0/0 11:27 0:00 1:48
Jesper Boqvist 0 0 0 -1 0 2 0 0 0 0 0/0 8:48 0:00 0:00
Jesperi Kotkaniemi 0 0 0 -1 2 3 0 0 0 0 4/7 12:20 0:00 2:42
Josh Ho-Sang 1 1 2 1 0 4 1 0 0 0 0/0 8:26 0:00 0:00
Marc Del Gaizo 0 0 0 0 0 0 0 4 0 1 0/0 9:41 0:00 0:00
Matthew Boldy 0 0 0 -2 2 3 1 1 2 0 1/2 17:21 4:55 0:00
Matthew Finn 0 1 1 0 4 1 0 1 0 3 0/0 28:16 5:55 3:34
Noah Dobson 0 0 0 -3 0 4 0 1 0 0 0/0 20:55 3:30 3:28
Philipp Kurashev 0 0 0 -1 0 1 3 0 1 0 3/6 15:26 4:30 0:08
Sam Kurker 0 0 0 -1 0 3 1 0 0 1 0/0 17:11 4:30 1:53
Sampo Ranta 0 0 0 1 0 1 1 0 0 0 0/0 8:40 0:00 0:14
3 Stars
1 - Pavel Kraskovsky (BRI)
2 - Oliver Kylington (BRI)
3 - Ben Thomson (BRI)
Power Play
Islander - 2 on 6 Attempt(s) - 33.33%
Penguins - 0 on 5 Attempt(s) - 0.00%
Penalty Kill
Islander - 5 on 5 Attempt(s) - 100.00%
- Score 1 goal in Penalty Kill
Penguins - 4 on 6 Attempt(s) - 66.67%
- Score 0 goal in Penalty Kill
Team Stat
Islander - Hits : 24 - Faceoff Wins : 33 - Blocked Shots : 13 - Penalty Minutes : 10
Penguins - Hits : 18 - Faceoff Wins : 36 - Blocked Shots : 12 - Penalty Minutes : 12
Official
Referees : Michael Markovic and Peter MacDougall
Linesman : Steve Miller and Steve Barton
Game Notes
Zachary Bouthillier enters game at 9:40 of 2nd period
Pavel Kraskovsky has scored a Hat Trick!
Finance
Level 1 -- Attendance: 2000 (100.00%) -- Ticket Income $140,000
Level 2 -- Attendance: 987 (98.70%) -- Ticket Income $39,480
Total Attendance: 2987 (99.57%)
Total Ticket Income: $179,480
Other Income: $8,974
Total Income: $188,454
Islander
5 vs 5 Forward
Center Left Wing Right Wing Time % Phy DF OF
1 Joe Labate Ben Thomson Austin Watson 40 1 2 2
2 Pavel Kraskovsky Filip Zadina Ross Colton 30 1 2 2
3 Rhett Gardner Noah Cates Jaden Lindo 20 1 2 2
4 Garret Pilon Pavel Koltygin Steven Spinner 10 1 2 2
5 vs 5 Defense
Defense Defense Time % Phy DF OF
1 Oliver Kylington Slater Koekkoek 40 1 2 2
2 Jake Walman Alexander Yelesin 30 1 2 2
3 Jakub Galvas Simon Benoit 20 1 2 2
4 Oliver Kylington Slater Koekkoek 10 1 2 2
PowerPlay Forward
Center Left Wing Right Wing Time % Phy DF OF
1 Joe Labate Ben Thomson Austin Watson 60 1 2 2
2 Pavel Kraskovsky Filip Zadina Ross Colton 40 1 2 2
PowerPlay Defense
Defense Defense Time % Phy DF OF
1 Oliver Kylington Slater Koekkoek 60 1 2 2
2 Jake Walman Alexander Yelesin 40 1 2 2
Penalty Kill 4 Players Forward
Center Wing Time % Phy DF OF
1 Joe Labate Ben Thomson 60 1 2 2
2 Pavel Kraskovsky Filip Zadina 40 1 2 2
Penalty Kill 4 Players Defense
Defense Defense Time % Phy DF OF
1 Oliver Kylington Slater Koekkoek 60 1 2 2
2 Jake Walman Alexander Yelesin 40 1 2 2
Penalty Kill - 3 Players Forward
Forward Time % Phy DF OF
1 Joe Labate 60 1 2 2
2 Pavel Kraskovsky 40 1 2 2
Penalty Kill - 3 Players Defense
Defense Defense Time % Phy DF OF
1 Oliver Kylington Slater Koekkoek 60 1 2 2
2 Jake Walman Alexander Yelesin 40 1 2 2
4 vs 4 Forward
Center Wing Time % Phy DF OF
1 Joe Labate Ben Thomson 60 1 2 2
2 Pavel Kraskovsky Filip Zadina 40 1 2 2
4 vs 4 Defense
Defense Defense Time % Phy DF OF
1 Oliver Kylington Slater Koekkoek 60 1 2 2
2 Jake Walman Alexander Yelesin 40 1 2 2
Last Minutes Offensive
Center Left Wing Right Wing Defense Defense
Joe Labate Ben Thomson Austin Watson Oliver Kylington Slater Koekkoek
Last Minutes Defensive
Center Left Wing Right Wing Defense Defense
Joe Labate Ben Thomson Austin Watson Oliver Kylington Slater Koekkoek
Goaltenders
Starting : Ivan Fedotov
Backup : Chris Driedger
Extra Forwards
Normal : Rhett Gardner, Ross Colton, Garret Pilon - PP : Rhett Gardner, Ross Colton - PK : Rhett Gardner
Extra Defensemen
Normal : Alexander Yelesin, Jakub Galvas, Simon Benoit - PP : Alexander Yelesin - PK : Alexander Yelesin, Jakub Galvas
Penalty Shots
Austin Watson, Joe Labate, Pavel Kraskovsky, Ben Thomson, Rhett Gardner
Custom OT Lines Forwards
Austin Watson, Joe Labate, Pavel Kraskovsky, Ben Thomson, Rhett Gardner, Ross Colton, Garret Pilon, Filip Zadina, Noah Cates, Jaden Lindo
Custom OT Lines Defensemen
Oliver Kylington, Slater Koekkoek, Jake Walman, Alexander Yelesin, Jakub Galvas
Scratches
Connor Dewar (Healthy), Alex Steeves (Healthy), Philip Tomasino (Healthy), Radovan Bondra (Healthy), Tyrell Goulbourne (Healthy)
Casey Staum (Healthy), Cole Koepke (Healthy), Marcus Davidsson (Healthy), Jackson LaCombe (Healthy), Ronnie Attard (Healthy)
Frederik Dichow (Healthy)
Penguins
5 vs 5 Forward
Center Left Wing Right Wing Time % Phy DF OF
1 Denis Malgin Matthew Boldy Clayton Keller 40 1 2 2
2 Philipp Kurashev Eetu Luostarinen Sam Kurker 30 1 2 2
3 Jesperi Kotkaniemi Jeff Malott Jesper Boqvist 20 1 2 2
4 Dmitry Voronkov Sampo Ranta Josh Ho-Sang 10 1 2 2
5 vs 5 Defense
Defense Defense Time % Phy DF OF
1 Dakota Mermis Matthew Finn 40 1 2 2
2 Alexander Romanov Noah Dobson 30 1 2 2
3 Marc Del Gaizo Artemi Kniazev 20 1 2 2
4 Dakota Mermis Matthew Finn 10 1 2 2
PowerPlay Forward
Center Left Wing Right Wing Time % Phy DF OF
1 Denis Malgin Matthew Boldy Clayton Keller 60 1 2 2
2 Philipp Kurashev Eetu Luostarinen Sam Kurker 40 1 2 2
PowerPlay Defense
Defense Defense Time % Phy DF OF
1 Dakota Mermis Matthew Finn 60 1 2 2
2 Alexander Romanov Noah Dobson 40 1 2 2
Penalty Kill 4 Players Forward
Center Wing Time % Phy DF OF
1 Eetu Luostarinen Denis Malgin 60 1 2 2
2 Clayton Keller Sam Kurker 40 1 2 2
Penalty Kill 4 Players Defense
Defense Defense Time % Phy DF OF
1 Dakota Mermis Matthew Finn 60 1 2 2
2 Alexander Romanov Noah Dobson 40 1 2 2
Penalty Kill - 3 Players Forward
Forward Time % Phy DF OF
1 Eetu Luostarinen 60 1 2 2
2 Denis Malgin 40 1 2 2
Penalty Kill - 3 Players Defense
Defense Defense Time % Phy DF OF
1 Dakota Mermis Matthew Finn 60 1 2 2
2 Alexander Romanov Noah Dobson 40 1 2 2
4 vs 4 Forward
Center Wing Time % Phy DF OF
1 Eetu Luostarinen Denis Malgin 60 1 2 2
2 Clayton Keller Sam Kurker 40 1 2 2
4 vs 4 Defense
Defense Defense Time % Phy DF OF
1 Dakota Mermis Matthew Finn 60 1 2 2
2 Alexander Romanov Noah Dobson 40 1 2 2
Last Minutes Offensive
Center Left Wing Right Wing Defense Defense
Denis Malgin Eetu Luostarinen Clayton Keller Dakota Mermis Matthew Finn
Last Minutes Defensive
Center Left Wing Right Wing Defense Defense
Denis Malgin Eetu Luostarinen Clayton Keller Dakota Mermis Matthew Finn
Goaltenders
Starting : Anthony Stolarz
Backup : Zachary Bouthillier
Extra Forwards
Normal : Matthew Boldy, Jesper Boqvist, Jesperi Kotkaniemi - PP : Matthew Boldy, Jesper Boqvist - PK : Jesperi Kotkaniemi
Extra Defensemen
Normal : Marc Del Gaizo, Artemi Kniazev, Alexander Romanov - PP : Marc Del Gaizo - PK : Artemi Kniazev, Alexander Romanov
Penalty Shots
Eetu Luostarinen, Denis Malgin, Clayton Keller, Sam Kurker, Philipp Kurashev
Custom OT Lines Forwards
Eetu Luostarinen, Denis Malgin, Clayton Keller, Sam Kurker, Philipp Kurashev, Jeff Malott, Matthew Boldy, Jesper Boqvist, Jesperi Kotkaniemi, Josh Ho-Sang
Custom OT Lines Defensemen
Dakota Mermis, Matthew Finn, Alexander Romanov, Noah Dobson, Marc Del Gaizo
Scratches
Juuso Ikonen (Healthy), Kevin Stenlund (Healthy), Austin Strand (Healthy), Ryan MacInnis (Healthy), Adam Brooks (Healthy)
Shawn Boudrias (Healthy), Ryan Johnson (Healthy), Nolan Foote (Healthy), Valtteri Puustinen (Healthy), Spencer Knight (Sprained Left Finger Injury)
% Time on Ice - Islander
Lines # - Real PCT - Wanted PCT - Time Play
Normal Forward
1 - 33% - 40% - 13:45
2 - 27% - 30% - 11:13
3 - 21% - 20% - 8:51
4 - 18% - 10% - 7:24
Normal Defense
1 - 39% - 40% - 16:11
2 - 32% - 30% - 13:23
3 - 26% - 20% - 10:46
4 - 2% - 10% - 0:53
PP Forward
1 - 59% - 60% - 5:28
2 - 41% - 40% - 3:47
PP Defense
1 - 66% - 60% - 6:06
2 - 34% - 40% - 3:09
PK Forward
1 - 76% - 60% - 7:08
2 - 24% - 40% - 2:17
PK Defense
1 - 62% - 60% - 5:49
2 - 38% - 40% - 3:36
PK3 Forward
1 - 0% - 60%
2 - 0% - 40%
PK3 Defense
1 - 0% - 60%
2 - 0% - 40%
44 Forward
1 - 100% - 60% - 0:07
2 - 0% - 40% - 0:00
44 Defense
1 - 100% - 60% - 0:07
2 - 0% - 40% - 0:00
Last Minute Offensive - 0:00
Last Minute Defensive - 0:00
Total
Forward - 60:00
Defense - 60:00
|
% Time on Ice - Penguins
Lines # - Real PCT - Wanted PCT - Time Play
Normal Forward
1 - 32% - 40% - 13:11
2 - 26% - 30% - 10:48
3 - 21% - 20% - 8:48
4 - 20% - 10% - 8:26
Normal Defense
1 - 44% - 40% - 17:56
2 - 31% - 30% - 12:42
3 - 23% - 20% - 9:25
4 - 3% - 10% - 1:10
PP Forward
1 - 52% - 60% - 4:55
2 - 48% - 40% - 4:30
PP Defense
1 - 63% - 60% - 5:55
2 - 37% - 40% - 3:30
PK Forward
1 - 80% - 60% - 7:22
2 - 20% - 40% - 1:53
PK Defense
1 - 72% - 60% - 6:38
2 - 28% - 40% - 2:37
PK3 Forward
1 - 0% - 60%
2 - 0% - 40%
PK3 Defense
1 - 0% - 60%
2 - 0% - 40%
44 Forward
1 - 100% - 60% - 0:07
2 - 0% - 40% - 0:00
44 Defense
1 - 100% - 60% - 0:07
2 - 0% - 40% - 0:00
Last Minute Offensive - 0:00
Last Minute Defensive - 0:00
Total
Forward - 60:00
Defense - 60:00
|
Play-by-Play
1st period
0:01 of 1st period - Denis Malgin wins face-off versus Joe Labate in neutral zone.
0:30 of 1st period - Snap shot by Ross Colton.
0:30 of 1st period - Deflect By Pavel Kraskovsky.
0:30 of 1st period - Stopped by Anthony Stolarz with a rebound.
0:45 of 1st period - Minor Penalty to Slater Koekkoek for Roughing.
0:46 of 1st period - Denis Malgin wins face-off versus Joe Labate in Islander zone.
2:08 of 1st period - Ben Thomson is hit by Dakota Mermis and loses puck.
2:25 of 1st period - Matthew Finn is hit by Pavel Kraskovsky and loses puck.
2:45 of 1st period - Penalty to Slater Koekkoek is over, Slater Koekkoek is back on ice.
3:08 of 1st period - Wrist shot by Rhett Gardner.
3:08 of 1st period - Shot Misses the Net.
3:14 of 1st period - Slapshot by Oliver Kylington.
3:14 of 1st period - Deflect By Rhett Gardner.
3:14 of 1st period - Stopped by Anthony Stolarz with a rebound.
3:28 of 1st period - Wrist shot by Jesper Boqvist.
3:28 of 1st period - Stopped by Ivan Fedotov without a rebound.
3:29 of 1st period - Denis Malgin wins face-off versus Pavel Kraskovsky in Islander zone.
3:30 of 1st period - Backhand shot by Clayton Keller.
3:30 of 1st period - Deflect By Denis Malgin.
3:30 of 1st period - Stopped by Ivan Fedotov without a rebound.
3:31 of 1st period - Pavel Kraskovsky wins face-off versus Denis Malgin in Islander zone.
3:58 of 1st period - Slapshot by Joe Labate.
3:58 of 1st period - Shot Blocked by Eetu Luostarinen.
4:16 of 1st period - Snap shot by Jeff Malott.
4:16 of 1st period - Deflect By Jesperi Kotkaniemi.
4:16 of 1st period - Stopped by Ivan Fedotov without a rebound.
4:17 of 1st period - Jesperi Kotkaniemi wins face-off versus Steven Spinner in Islander zone.
4:18 of 1st period - Snap shot by Jeff Malott.
4:18 of 1st period - Shot Blocked by Alexander Yelesin.
4:20 of 1st period - Wrist shot by Jeff Malott.
4:20 of 1st period - Stopped by Ivan Fedotov with a rebound.
4:30 of 1st period - Snap shot by Jesper Boqvist.
4:30 of 1st period - Deflect By Jeff Malott.
4:30 of 1st period - Stopped by Ivan Fedotov without a rebound.
4:31 of 1st period - Rhett Gardner wins face-off versus Denis Malgin in Islander zone.
4:40 of 1st period - Slapshot by Matthew Boldy.
4:40 of 1st period - Shot Hit the Post.
5:07 of 1st period - Wrist shot by Filip Zadina.
5:07 of 1st period - Stopped by Anthony Stolarz with a rebound.
5:09 of 1st period - Slapshot by Jake Walman.
5:09 of 1st period - Deflect By Ross Colton.
5:09 of 1st period - Shot Misses the Net.
5:09 of 1st period - Puck is out of play.
5:10 of 1st period - Denis Malgin wins face-off versus Joe Labate in Penguins zone.
5:24 of 1st period - Wrist shot by Clayton Keller.
5:24 of 1st period - Shot Blocked by Oliver Kylington.
5:26 of 1st period - Slapshot by Alexander Romanov.
5:26 of 1st period - Shot Blocked by Oliver Kylington.
5:36 of 1st period - Eetu Luostarinen is hit by Rhett Gardner and loses puck.
6:05 of 1st period - Dmitry Voronkov is hit by Alexander Yelesin and loses puck.
6:18 of 1st period - Jake Walman is hit by Dakota Mermis and loses puck.
6:27 of 1st period - Wrist shot by Jesper Boqvist.
6:27 of 1st period - Deflect By Jesperi Kotkaniemi.
6:27 of 1st period - Stopped by Ivan Fedotov without a rebound.
6:28 of 1st period - Denis Malgin wins face-off versus Joe Labate in Islander zone.
6:41 of 1st period - Snap shot by Joe Labate.
6:41 of 1st period - Shot Blocked by Matthew Boldy.
6:43 of 1st period - Slapshot by Oliver Kylington.
6:43 of 1st period - Shot Blocked by Artemi Kniazev.
7:14 of 1st period - Slapshot by Dakota Mermis.
7:14 of 1st period - Deflect By Dmitry Voronkov.
7:14 of 1st period - Shot Misses the Net.
7:14 of 1st period - Puck is out of play.
7:15 of 1st period - Pavel Kraskovsky wins face-off versus Dmitry Voronkov in Islander zone.
7:26 of 1st period - Wrist shot by Filip Zadina.
7:26 of 1st period - Stopped by Anthony Stolarz with a rebound.
7:28 of 1st period - Wrist shot by Ross Colton.
7:28 of 1st period - Shot Misses the Net.
7:30 of 1st period - Slapshot by Ross Colton.
7:30 of 1st period - Stopped by Anthony Stolarz without a rebound.
7:31 of 1st period - Joe Labate wins face-off versus Denis Malgin in Penguins zone.
7:38 of 1st period - Snap shot by Joe Labate.
7:38 of 1st period - Goal by Joe Labate - Islander : 1 - Penguins : 0.
7:39 of 1st period - Joe Labate wins face-off versus Denis Malgin in neutral zone.
7:43 of 1st period - Minor Penalty to Matthew Finn for Boarding.
7:44 of 1st period - Joe Labate wins face-off versus Eetu Luostarinen in Penguins zone.
8:04 of 1st period - Denis Malgin is hit by Austin Watson and loses puck.
9:28 of 1st period - Slater Koekkoek is hit by Clayton Keller and loses puck.
9:43 of 1st period - Penalty to Matthew Finn is over, Matthew Finn is back on ice.
9:59 of 1st period - Wrist shot by Jeff Malott.
9:59 of 1st period - Stopped by Ivan Fedotov with a rebound.
10:23 of 1st period - Wrist shot by Josh Ho-Sang.
10:23 of 1st period - Stopped by Ivan Fedotov without a rebound.
10:24 of 1st period - Dmitry Voronkov wins face-off versus Garret Pilon in Islander zone.
10:35 of 1st period - Wrist shot by Josh Ho-Sang.
10:35 of 1st period - Shot Blocked by Garret Pilon.
11:16 of 1st period - Slapshot by Simon Benoit.
11:16 of 1st period - Stopped by Anthony Stolarz without a rebound.
11:17 of 1st period - Ben Thomson wins face-off versus Denis Malgin in Penguins zone.
11:38 of 1st period - Minor Penalty to Joe Labate for High sticking.
11:39 of 1st period - Denis Malgin wins face-off versus Rhett Gardner in Islander zone.
11:52 of 1st period - Snap shot by Matthew Boldy.
11:52 of 1st period - Shot Blocked by Oliver Kylington.
12:04 of 1st period - Ben Thomson is hit by Sam Kurker and loses puck.
12:29 of 1st period - Wrist shot by Pavel Kraskovsky.
12:29 of 1st period - Goal by Pavel Kraskovsky - Islander : 2 - Penguins : 0.
12:30 of 1st period - Rhett Gardner wins face-off versus Denis Malgin in neutral zone.
12:55 of 1st period - Slater Koekkoek is hit by Philipp Kurashev.
13:10 of 1st period - Icing by Matthew Finn.
13:11 of 1st period - Denis Malgin wins face-off versus Rhett Gardner in Penguins zone.
13:34 of 1st period - Snap shot by Philipp Kurashev.
13:34 of 1st period - Stopped by Ivan Fedotov without a rebound.
13:35 of 1st period - Pavel Kraskovsky wins face-off versus Denis Malgin in Islander zone.
13:38 of 1st period - Penalty to Joe Labate is over, Joe Labate is back on ice.
14:51 of 1st period - Wrist shot by Slater Koekkoek.
14:51 of 1st period - Shot Misses the Net.
15:11 of 1st period - Snap shot by Denis Malgin.
15:11 of 1st period - Stopped by Ivan Fedotov with a rebound.
15:13 of 1st period - Snap shot by Clayton Keller.
15:13 of 1st period - Stopped by Ivan Fedotov with a rebound.
15:31 of 1st period - Snap shot by Rhett Gardner.
15:31 of 1st period - Shot Blocked by Matthew Finn.
15:34 of 1st period - Icing by Philipp Kurashev.
15:35 of 1st period - Joe Labate wins face-off versus Philipp Kurashev in Penguins zone.
15:48 of 1st period - Wrist shot by Philipp Kurashev.
15:48 of 1st period - Shot Misses the Net.
15:50 of 1st period - Slapshot by Matthew Finn.
15:50 of 1st period - Stopped by Ivan Fedotov without a rebound.
15:51 of 1st period - Denis Malgin wins face-off versus Pavel Kraskovsky in Islander zone.
16:06 of 1st period - Wrist shot by Clayton Keller.
16:06 of 1st period - Deflect By Matthew Boldy.
16:06 of 1st period - Stopped by Ivan Fedotov without a rebound.
16:07 of 1st period - Joe Labate wins face-off versus Philipp Kurashev in Islander zone.
16:23 of 1st period - Wrist shot by Ben Thomson.
16:23 of 1st period - Goal by Ben Thomson - Islander : 3 - Penguins : 0.
16:24 of 1st period - Denis Malgin wins face-off versus Joe Labate in neutral zone.
16:43 of 1st period - Ben Thomson is hit by Matthew Boldy and loses puck.
17:43 of 1st period - Dmitry Voronkov is hit by Alexander Yelesin and loses puck.
17:58 of 1st period - Snap shot by Pavel Kraskovsky.
17:58 of 1st period - Shot Blocked by Dakota Mermis.
18:00 of 1st period - Slapshot by Filip Zadina.
18:00 of 1st period - Shot Misses the Net.
18:02 of 1st period - Snap shot by Filip Zadina.
18:02 of 1st period - Deflect By Pavel Kraskovsky.
18:02 of 1st period - Stopped by Anthony Stolarz with a rebound.
19:02 of 1st period - Snap shot by Josh Ho-Sang.
19:02 of 1st period - Goal by Josh Ho-Sang - Islander : 3 - Penguins : 1.
19:03 of 1st period - Denis Malgin wins face-off versus Pavel Kraskovsky in neutral zone.
19:17 of 1st period - Slapshot by Clayton Keller.
19:17 of 1st period - Stopped by Ivan Fedotov without a rebound.
19:18 of 1st period - Joe Labate wins face-off versus Philipp Kurashev in Islander zone.
19:18 of 1st period - Joe Labate is hit by Eetu Luostarinen.
19:43 of 1st period - Matthew Boldy is hit by Ross Colton and loses puck.
Goals for this period are 3 for Islander vs 1 for Penguins.
Shots for this period are 10 for Islander vs 15 for Penguins.
2nd period
0:01 of 2nd period - Joe Labate wins face-off versus Denis Malgin in neutral zone.
0:56 of 2nd period - Backhand shot by Jesper Boqvist.
0:56 of 2nd period - Shot Blocked by Slater Koekkoek.
1:18 of 2nd period - Snap shot by Oliver Kylington.
1:18 of 2nd period - Stopped by Anthony Stolarz with a rebound.
2:08 of 2nd period - Snap shot by Jesper Boqvist.
2:08 of 2nd period - Shot Misses the Net.
2:10 of 2nd period - Slapshot by Marc Del Gaizo.
2:10 of 2nd period - Deflect By Jesper Boqvist.
2:10 of 2nd period - Shot Misses the Net.
2:10 of 2nd period - Puck is out of play.
2:11 of 2nd period - Jesperi Kotkaniemi wins face-off versus Noah Cates in Islander zone.
2:20 of 2nd period - Wrist shot by Jeff Malott.
2:20 of 2nd period - Shot Misses the Net.
2:37 of 2nd period - Matthew Boldy is hit by Joe Labate and loses puck.
3:00 of 2nd period - Wrist shot by Sam Kurker.
3:00 of 2nd period - Stopped by Ivan Fedotov with a rebound.
3:12 of 2nd period - Minor Penalty to Alexander Yelesin for Delaying the game.
3:13 of 2nd period - Joe Labate wins face-off versus Denis Malgin in Islander zone.
4:48 of 2nd period - Snap shot by Clayton Keller.
4:48 of 2nd period - Shot Misses the Net.
4:50 of 2nd period - Snap shot by Matthew Boldy.
4:50 of 2nd period - Shot Misses the Net.
4:52 of 2nd period - Wrist shot by Matthew Boldy.
4:52 of 2nd period - Stopped by Ivan Fedotov with a rebound.
4:54 of 2nd period - Slapshot by Alexander Romanov.
4:54 of 2nd period - Stopped by Ivan Fedotov without a rebound.
4:55 of 2nd period - Joe Labate wins face-off versus Denis Malgin in Islander zone.
5:12 of 2nd period - Penalty to Alexander Yelesin is over, Alexander Yelesin is back on ice.
5:41 of 2nd period - Snap shot by Noah Dobson.
5:41 of 2nd period - Stopped by Ivan Fedotov without a rebound.
5:42 of 2nd period - Garret Pilon wins face-off versus Dmitry Voronkov in Islander zone.
5:57 of 2nd period - Snap shot by Garret Pilon.
5:57 of 2nd period - Shot Blocked by Artemi Kniazev.
6:03 of 2nd period - Artemi Kniazev is hit by Oliver Kylington and loses puck.
6:10 of 2nd period - Snap shot by Josh Ho-Sang.
6:10 of 2nd period - Shot Misses the Net.
6:12 of 2nd period - Snap shot by Dmitry Voronkov.
6:12 of 2nd period - Stopped by Ivan Fedotov without a rebound.
6:13 of 2nd period - Denis Malgin wins face-off versus Joe Labate in Islander zone.
6:14 of 2nd period - Backhand shot by Clayton Keller.
6:14 of 2nd period - Shot Misses the Net.
6:24 of 2nd period - Wrist shot by Clayton Keller.
6:24 of 2nd period - Deflect By Matthew Boldy.
6:24 of 2nd period - Shot Misses the Net.
6:24 of 2nd period - Puck is out of play.
6:25 of 2nd period - Clayton Keller wins face-off versus Joe Labate in Islander zone.
6:33 of 2nd period - Icing by Oliver Kylington.
6:34 of 2nd period - Joe Labate wins face-off versus Denis Malgin in Islander zone.
6:43 of 2nd period - Slapshot by Matthew Boldy.
6:43 of 2nd period - Stopped by Ivan Fedotov without a rebound.
6:44 of 2nd period - Joe Labate wins face-off versus Denis Malgin in Islander zone.
8:19 of 2nd period - Jakub Galvas is hit by Philipp Kurashev and loses puck.
8:30 of 2nd period - Wrist shot by Garret Pilon.
8:30 of 2nd period - Shot Misses the Net.
8:46 of 2nd period - Wrist shot by Sam Kurker.
8:46 of 2nd period - Stopped by Ivan Fedotov without a rebound.
8:47 of 2nd period - Denis Malgin wins face-off versus Joe Labate in Islander zone.
9:00 of 2nd period - Ben Thomson is hit by Denis Malgin and loses puck.
9:13 of 2nd period - Artemi Kniazev is hit by Alexander Yelesin and loses puck.
9:22 of 2nd period - Snap shot by Oliver Kylington.
9:22 of 2nd period - Stopped by Anthony Stolarz with a rebound.
9:38 of 2nd period - Slapshot by Pavel Kraskovsky.
9:38 of 2nd period - Stopped by Anthony Stolarz with a rebound.
9:40 of 2nd period - Slapshot by Jaden Lindo.
9:40 of 2nd period - Goal by Jaden Lindo - Islander : 4 - Penguins : 1.
9:40 of 2nd period - Zachary Bouthillier enters game.
9:41 of 2nd period - Joe Labate wins face-off versus Denis Malgin in neutral zone.
9:44 of 2nd period - Wrist shot by Oliver Kylington.
9:44 of 2nd period - Stopped by Zachary Bouthillier with a rebound.
10:13 of 2nd period - Wrist shot by Filip Zadina.
10:13 of 2nd period - Deflect By Ross Colton.
10:13 of 2nd period - Deflect By Jesper Boqvist.
10:13 of 2nd period - Stopped by Zachary Bouthillier with a rebound.
10:15 of 2nd period - Snap shot by Pavel Kraskovsky.
10:15 of 2nd period - Goal by Pavel Kraskovsky - Islander : 5 - Penguins : 1.
10:16 of 2nd period - Joe Labate wins face-off versus Denis Malgin in neutral zone.
10:43 of 2nd period - Eetu Luostarinen is hit by Filip Zadina and loses puck.
10:48 of 2nd period - Wrist shot by Filip Zadina.
10:48 of 2nd period - Deflect By Pavel Kraskovsky.
10:48 of 2nd period - Shot Misses the Net.
10:48 of 2nd period - Puck is out of play.
10:49 of 2nd period - Philipp Kurashev wins face-off versus Pavel Kraskovsky in Penguins zone.
11:14 of 2nd period - Alexander Yelesin is hit by Alexander Romanov and loses puck.
11:23 of 2nd period - Wrist shot by Jeff Malott.
11:23 of 2nd period - Shot Misses the Net.
11:29 of 2nd period - Snap shot by Filip Zadina.
11:29 of 2nd period - Shot Blocked by Marc Del Gaizo.
11:31 of 2nd period - Slapshot by Jake Walman.
11:31 of 2nd period - Shot Misses the Net.
11:33 of 2nd period - Wrist shot by Filip Zadina.
11:33 of 2nd period - Shot Blocked by Marc Del Gaizo.
11:35 of 2nd period - Snap shot by Pavel Kraskovsky.
11:35 of 2nd period - Shot Misses the Net.
11:43 of 2nd period - Snap shot by Filip Zadina.
11:43 of 2nd period - Deflect By Marc Del Gaizo.
11:43 of 2nd period - Shot Blocked by Marc Del Gaizo.
11:43 of 2nd period - Puck is out of play.
11:44 of 2nd period - Joe Labate wins face-off versus Denis Malgin in Penguins zone.
12:34 of 2nd period - Alexander Romanov is hit by Rhett Gardner and loses puck.
12:43 of 2nd period - Slapshot by Alexander Romanov.
12:43 of 2nd period - Shot Misses the Net.
12:49 of 2nd period - Jesperi Kotkaniemi is hit by Rhett Gardner and loses puck.
13:04 of 2nd period - Backhand shot by Oliver Kylington.
13:04 of 2nd period - Shot Hit the Post.
13:06 of 2nd period - Snap shot by Slater Koekkoek.
13:06 of 2nd period - Stopped by Zachary Bouthillier with a rebound.
13:20 of 2nd period - Wrist shot by Noah Cates.
13:20 of 2nd period - Stopped by Zachary Bouthillier with a rebound.
13:22 of 2nd period - Slapshot by Jake Walman.
13:22 of 2nd period - Stopped by Zachary Bouthillier with a rebound.
13:24 of 2nd period - Slapshot by Jake Walman.
13:24 of 2nd period - Deflect By Jesper Boqvist.
13:24 of 2nd period - Stopped by Zachary Bouthillier without a rebound.
13:25 of 2nd period - Denis Malgin wins face-off versus Joe Labate in Penguins zone.
13:27 of 2nd period - Minor Penalty to Matthew Finn for Holding.
13:28 of 2nd period - Eetu Luostarinen wins face-off versus Joe Labate in Penguins zone.
13:42 of 2nd period - Eetu Luostarinen is hit by Oliver Kylington and loses puck.
14:01 of 2nd period - Slater Koekkoek is hit by Eetu Luostarinen and loses puck.
14:09 of 2nd period - Eetu Luostarinen is hit by Slater Koekkoek and loses puck.
15:27 of 2nd period - Penalty to Matthew Finn is over, Matthew Finn is back on ice.
15:46 of 2nd period - Simon Benoit is hit by Sampo Ranta and loses puck.
15:51 of 2nd period - Snap shot by Josh Ho-Sang.
15:51 of 2nd period - Stopped by Ivan Fedotov with a rebound.
15:53 of 2nd period - Wrist shot by Dmitry Voronkov.
15:53 of 2nd period - Shot Blocked by Jakub Galvas.
16:07 of 2nd period - Marc Del Gaizo is hit by Jaden Lindo and loses puck.
17:18 of 2nd period - Joe Labate is hit by Dakota Mermis and loses puck.
17:35 of 2nd period - Rhett Gardner is hit by Philipp Kurashev and loses puck.
17:53 of 2nd period - Slapshot by Simon Benoit.
17:53 of 2nd period - Stopped by Zachary Bouthillier without a rebound.
17:54 of 2nd period - Pavel Kraskovsky wins face-off versus Denis Malgin in Penguins zone.
18:15 of 2nd period - Minor Penalty to Denis Malgin for High sticking.
18:16 of 2nd period - Eetu Luostarinen wins face-off versus Joe Labate in Penguins zone.
18:42 of 2nd period - Eetu Luostarinen is hit by Filip Zadina and loses puck.
18:51 of 2nd period - Wrist shot by Pavel Kraskovsky.
18:51 of 2nd period - Stopped by Zachary Bouthillier without a rebound.
18:52 of 2nd period - Eetu Luostarinen wins face-off versus Joe Labate in Penguins zone.
19:19 of 2nd period - Slapshot by Ross Colton.
19:19 of 2nd period - Shot Misses the Net.
Goals for this period are 2 for Islander vs 0 for Penguins.
Shots for this period are 13 for Islander vs 8 for Penguins.
3rd period
0:01 of 3rd period - Eetu Luostarinen wins face-off versus Joe Labate in neutral zone.
0:07 of 3rd period - Minor Penalty to Ben Thomson for Hooking.
0:08 of 3rd period - Joe Labate wins face-off versus Eetu Luostarinen in Islander zone.
0:15 of 3rd period - Penalty to Denis Malgin is over, Denis Malgin is back on ice.
1:42 of 3rd period - Dakota Mermis is hit by Slater Koekkoek and loses puck.
1:56 of 3rd period - Icing by Dakota Mermis.
1:57 of 3rd period - Philipp Kurashev wins face-off versus Joe Labate in Penguins zone.
2:07 of 3rd period - Penalty to Ben Thomson is over, Ben Thomson is back on ice.
2:10 of 3rd period - Wrist shot by Jeff Malott.
2:10 of 3rd period - Shot Blocked by Joe Labate.
2:12 of 3rd period - Slapshot by Noah Dobson.
2:12 of 3rd period - Stopped by Ivan Fedotov without a rebound.
2:13 of 3rd period - Garret Pilon wins face-off versus Jesperi Kotkaniemi in Islander zone.
2:37 of 3rd period - Icing by Noah Dobson.
2:38 of 3rd period - Rhett Gardner wins face-off versus Dmitry Voronkov in Penguins zone.
2:50 of 3rd period - Off-side.
2:51 of 3rd period - Matthew Boldy wins face-off versus Joe Labate in neutral zone.
3:23 of 3rd period - Snap shot by Sam Kurker.
3:23 of 3rd period - Stopped by Ivan Fedotov without a rebound.
3:24 of 3rd period - Philipp Kurashev wins face-off versus Pavel Kraskovsky in Islander zone.
3:25 of 3rd period - Wrist shot by Sam Kurker.
3:25 of 3rd period - Shot Blocked by Pavel Kraskovsky.
4:56 of 3rd period - Wrist shot by Ben Thomson.
4:56 of 3rd period - Stopped by Zachary Bouthillier with a rebound.
4:58 of 3rd period - Wrist shot by Jakub Galvas.
4:58 of 3rd period - Stopped by Zachary Bouthillier without a rebound.
4:59 of 3rd period - Joe Labate wins face-off versus Denis Malgin in Penguins zone.
5:07 of 3rd period - Minor Penalty to Denis Malgin for Tripping.
5:08 of 3rd period - Joe Labate wins face-off versus Eetu Luostarinen in Penguins zone.
5:42 of 3rd period - Slapshot by Pavel Kraskovsky.
5:42 of 3rd period - Goal by Pavel Kraskovsky - Islander : 6 - Penguins : 1.
5:43 of 3rd period - Denis Malgin wins face-off versus Joe Labate in neutral zone.
5:57 of 3rd period - Minor Penalty to Matthew Boldy for High sticking.
5:58 of 3rd period - Eetu Luostarinen wins face-off versus Joe Labate in Penguins zone.
6:10 of 3rd period - Snap shot by Austin Watson.
6:10 of 3rd period - Shot Misses the Net.
6:12 of 3rd period - Slapshot by Slater Koekkoek.
6:12 of 3rd period - Stopped by Zachary Bouthillier without a rebound.
6:13 of 3rd period - Eetu Luostarinen wins face-off versus Joe Labate in Penguins zone.
6:13 of 3rd period - Eetu Luostarinen is hit by Ben Thomson.
7:49 of 3rd period - Ross Colton is hit by Dakota Mermis and loses puck.
7:57 of 3rd period - Penalty to Matthew Boldy is over, Matthew Boldy is back on ice.
8:04 of 3rd period - Wrist shot by Marc Del Gaizo.
8:04 of 3rd period - Shot Misses the Net.
8:06 of 3rd period - Snap shot by Artemi Kniazev.
8:06 of 3rd period - Deflect By Jake Walman.
8:06 of 3rd period - Stopped by Ivan Fedotov with a rebound.
8:08 of 3rd period - Snap shot by Jesperi Kotkaniemi.
8:08 of 3rd period - Deflect By Jeff Malott.
8:08 of 3rd period - Stopped by Ivan Fedotov with a rebound.
8:10 of 3rd period - Slapshot by Artemi Kniazev.
8:10 of 3rd period - Shot Blocked by Jake Walman.
8:12 of 3rd period - Snap shot by Jesperi Kotkaniemi.
8:12 of 3rd period - Stopped by Ivan Fedotov with a rebound.
8:26 of 3rd period - Wrist shot by Dmitry Voronkov.
8:26 of 3rd period - Goal by Dmitry Voronkov - Islander : 6 - Penguins : 2.
8:27 of 3rd period - Denis Malgin wins face-off versus Joe Labate in neutral zone.
9:00 of 3rd period - Snap shot by Filip Zadina.
9:00 of 3rd period - Shot Hit the Post.
9:09 of 3rd period - Icing by Simon Benoit.
9:10 of 3rd period - Jesperi Kotkaniemi wins face-off versus Rhett Gardner in Islander zone.
9:13 of 3rd period - Wrist shot by Jesper Boqvist.
9:13 of 3rd period - Stopped by Ivan Fedotov without a rebound.
9:14 of 3rd period - Jesperi Kotkaniemi wins face-off versus Rhett Gardner in Islander zone.
9:14 of 3rd period - Minor Penalty to Jesperi Kotkaniemi for Tripping.
9:15 of 3rd period - Eetu Luostarinen wins face-off versus Joe Labate in Penguins zone.
9:40 of 3rd period - Denis Malgin is hit by Joe Labate and loses puck.
10:01 of 3rd period - Snap shot by Austin Watson.
10:01 of 3rd period - Stopped by Zachary Bouthillier with a rebound.
10:03 of 3rd period - Slapshot by Ben Thomson.
10:03 of 3rd period - Shot Misses the Net.
10:05 of 3rd period - Snap shot by Oliver Kylington.
10:05 of 3rd period - Goal by Oliver Kylington - Islander : 7 - Penguins : 2.
10:06 of 3rd period - Pavel Kraskovsky wins face-off versus Jesperi Kotkaniemi in neutral zone.
10:19 of 3rd period - Wrist shot by Filip Zadina.
10:19 of 3rd period - Shot Blocked by Noah Dobson.
10:21 of 3rd period - Snap shot by Jake Walman.
10:21 of 3rd period - Stopped by Zachary Bouthillier without a rebound.
10:22 of 3rd period - Joe Labate wins face-off versus Denis Malgin in Penguins zone.
10:29 of 3rd period - Snap shot by Austin Watson.
10:29 of 3rd period - Stopped by Zachary Bouthillier with a rebound.
10:31 of 3rd period - Wrist shot by Austin Watson.
10:31 of 3rd period - Stopped by Zachary Bouthillier with a rebound.
10:33 of 3rd period - Snap shot by Austin Watson.
10:33 of 3rd period - Shot Misses the Net.
11:04 of 3rd period - Snap shot by Rhett Gardner.
11:04 of 3rd period - Shot Blocked by Jeff Malott.
11:21 of 3rd period - Icing by Jesper Boqvist.
11:22 of 3rd period - Garret Pilon wins face-off versus Dmitry Voronkov in Penguins zone.
11:47 of 3rd period - Dmitry Voronkov is hit by Oliver Kylington and loses puck.
12:00 of 3rd period - Wrist shot by Josh Ho-Sang.
12:00 of 3rd period - Shot Blocked by Oliver Kylington.
12:02 of 3rd period - Slapshot by Noah Dobson.
12:02 of 3rd period - Shot Blocked by Oliver Kylington.
12:04 of 3rd period - Slapshot by Josh Ho-Sang.
12:04 of 3rd period - Stopped by Ivan Fedotov without a rebound.
12:05 of 3rd period - Joe Labate wins face-off versus Matthew Boldy in Islander zone.
12:05 of 3rd period - Joe Labate is hit by Denis Malgin.
12:31 of 3rd period - Alexander Yelesin is hit by Alexander Romanov and loses puck.
12:45 of 3rd period - Off-side.
12:46 of 3rd period - Rhett Gardner wins face-off versus Denis Malgin in neutral zone.
12:59 of 3rd period - Wrist shot by Rhett Gardner.
12:59 of 3rd period - Shot Blocked by Marc Del Gaizo.
13:01 of 3rd period - Wrist shot by Jaden Lindo.
13:01 of 3rd period - Stopped by Zachary Bouthillier with a rebound.
13:11 of 3rd period - Denis Malgin is hit by Ross Colton and loses puck.
13:22 of 3rd period - Snap shot by Clayton Keller.
13:22 of 3rd period - Stopped by Ivan Fedotov without a rebound.
13:23 of 3rd period - Eetu Luostarinen wins face-off versus Joe Labate in Islander zone.
13:48 of 3rd period - Ben Thomson is hit by Josh Ho-Sang and loses puck.
14:03 of 3rd period - Sampo Ranta is hit by Austin Watson and loses puck.
14:31 of 3rd period - Snap shot by Dmitry Voronkov.
14:31 of 3rd period - Shot Misses the Net.
14:33 of 3rd period - Slapshot by Noah Dobson.
14:33 of 3rd period - Stopped by Ivan Fedotov with a rebound.
14:35 of 3rd period - Slapshot by Sampo Ranta.
14:35 of 3rd period - Stopped by Ivan Fedotov with a rebound.
14:55 of 3rd period - Wrist shot by Dmitry Voronkov.
14:55 of 3rd period - Shot Misses the Net.
14:57 of 3rd period - Snap shot by Sampo Ranta.
14:57 of 3rd period - Shot Misses the Net.
14:59 of 3rd period - Wrist shot by Dmitry Voronkov.
14:59 of 3rd period - Shot Misses the Net.
15:01 of 3rd period - Slapshot by Alexander Romanov.
15:01 of 3rd period - Shot Blocked by Jakub Galvas.
15:03 of 3rd period - Slapshot by Noah Dobson.
15:03 of 3rd period - Stopped by Ivan Fedotov without a rebound.
15:04 of 3rd period - Denis Malgin wins face-off versus Pavel Kraskovsky in Islander zone.
15:09 of 3rd period - Snap shot by Clayton Keller.
15:09 of 3rd period - Shot Misses the Net.
17:11 of 3rd period - Sam Kurker is hit by Jakub Galvas and loses puck.
17:24 of 3rd period - Icing by Filip Zadina.
17:25 of 3rd period - Pavel Kraskovsky wins face-off versus Jesperi Kotkaniemi in Islander zone.
17:38 of 3rd period - Snap shot by Jeff Malott.
17:38 of 3rd period - Stopped by Ivan Fedotov without a rebound.
17:39 of 3rd period - Denis Malgin wins face-off versus Austin Watson in Islander zone.
18:23 of 3rd period - Minor Penalty to Jaden Lindo for Tripping.
18:24 of 3rd period - Denis Malgin wins face-off versus Joe Labate in Islander zone.
19:05 of 3rd period - Snap shot by Eetu Luostarinen.
19:05 of 3rd period - Stopped by Ivan Fedotov with a rebound.
19:59 of 3rd period - Denis Malgin is hit by Ben Thomson.
Goals for this period are 2 for Islander vs 1 for Penguins.
Shots for this period are 10 for Islander vs 14 for Penguins.
Output by the SimonT Hockey Simulator (STHS) for Francois Prevost